 Dungeon Crawl Stone Soup version 0.30.1-11-g7821555f0a (webtiles) character file.

Game seed: 1306780681040933674

6 comborobin the Sneak (level 1, 0/19 HPs)
             Began as a Hill Orc Delver on Dec 24, 2023.
             Slain by an orc
             ... wielding a +0 dagger
              (3 damage)
             ... on level 3 of the Dungeon.
             The game lasted 00:01:03 (328 turns).

comborobin the Sneak (Hill Orc Delver)               Turns: 328, Time: 00:01:03

Health: 0/19       AC:  3    Str: 14    XL:     1   Next: 90%
Magic:  1/1        EV: 11    Int: 10    God:
Gold:   17         SH:  0    Dex: 12    Spells: 0/0 levels left

rFire   . . .        a - +0 mace
rCold   . . .        (no shield)
rNeg    . . .        b - +0 leather armour
rPois   .            (no helmet)
rElec   .            (no cloak)
rCorr   .            (no gloves)
SInv    .            (no boots)
Will    .....        (no amulet)
Stlth   ++           (no ring)
HPRegen 0.23/turn    (no ring)
MPRegen 0.07/turn

%: no passive effects
@: no status effects
A: no striking features
a: no special abilities


You were on level 3 of the Dungeon.
You visited 1 branch of the dungeon, and saw 4 of its levels.

You collected 17 gold pieces.

Inventory:

Hand Weapons
 a - a +0 mace (weapon)
Missiles
 h - 4 atropa-tipped darts (quivered)
Armour
 b - a +0 leather armour (worn)
Scrolls
 c - a scroll of fog
 d - a scroll of torment {unknown}
 e - a scroll of fear
 i - a scroll of identify {unknown}
 j - a scroll of amnesia {unknown}


   Skills:
 - Level 3.6 Fighting
 + Level 2.9 Maces & Flails
 - Level 1.5 Dodging
 - Level 4.1 Stealth


You couldn't memorise any spells.
You didn't know any spells.
Your spell library was empty.

Dungeon Overview and Level Annotations

Branches:
Dungeon (6/15)
 Temple: D:4-7

Altars:
Okawaru


Message History

You hit the quokka but do no damage.
The quokka is lightly wounded.
The quokka closely misses you.
You closely miss the quokka.
The quokka is lightly wounded.
You feel yourself slow down. The quokka bites you.
You hit the quokka.
The quokka is almost dead.
The quokka closely misses you. x2
You hit the quokka but do no damage.
The quokka is almost dead.
The quokka barely misses you.
You barely miss the quokka.
The quokka is almost dead.
The quokka bites you. x2
* * * LOW HITPOINT WARNING * * *
You closely miss the quokka.
The quokka is almost dead.
The quokka misses you. The quokka barely misses you.
You hit the quokka.
You kill the quokka!
You see here a quokka corpse.
An orc comes into view. It is wielding a +0 flail.
The orc shouts!
You hear a shout! x3
An orc comes into view. It is wielding a +0 dagger.
The orc shouts!
An orc comes into view. It is wielding a +0 club.
The orc hits you with a +0 dagger.
* * * LOW HITPOINT WARNING * * *
The orc attacks as you move away! The orc hits you with a +0 dagger.
* * * LOW HITPOINT WARNING * * *
An orc comes into view. It is wielding a +0 flail.
The orc shouts!
The orc moves out of view.
The orc hits you with a +0 dagger.
* * * LOW HITPOINT WARNING * * *
The orc attacks as you move away! The orc closely misses you.
The orc attacks as you move away! The orc hits you with a +0 dagger.
You die...

.........##.. ...# #.......
.###.###.##.# ##..#
###.###. .# #.# #.##.#
##...#########.# #. o#
#.###.##.###..............#
#. .#
#....ooo..o.....###########
#. †# #####.##o###.#.o# ##
.# #.##.# #....#
.#######.##.######.#
...o.....##.....@o.#
####################


You could see an orc.

Vanquished Creatures
  A hobgoblin (D:3)
  2 jackals (D:4)
  A quokka (D:3)
  A rat (D:3)
5 creatures vanquished.

Notes
Turn   | Place    | Note
-------+----------+-------------------------------------------
     0 | D:5      | comborobin the Hill Orc Delver began the quest for the Orb.
     0 | D:5      | Reached XP level 1. HP: 19/19 MP: 1/1
    19 | D:5      | Noticed an iguana
    29 | D:5      | Noticed an iguana
   107 | D:3      | Found an iron altar of Okawaru.
   196 | D:3      | Noticed an orc wizard
   328 | D:3      | Slain by an orc

Illustrated notes

Levels and vault maps discovered:
D:3:      wander_river, layout_loops_corners, okawaru_trees_1
D:4:      layout_loops_ring, mainiacjoe_overflow_surrounded_room, serial_shops,
          nicolae_shop_stone, wad_woods_river_04, dreamdust_gnoll_farm
D:5:      layout_basic, marbit_many_paths, nicolae_elyvilon_peaceful_grove,
          minivault_27, chequers_serial_rivers_marsh
D:6:      layout_rooms, kennysheep_mini_moat, uniq_maggie

Action                     || total
---------------------------++-------
  Melee: Mace              ||    34
  Evoke: Wand              ||     3
    Use: Scroll            ||     1
         Potion            ||     1
 Armour: Leather armour    ||    21
  Dodge: Dodged            ||    51
